 Dungeon Sprint DCSS version 0.21.1-1-g345015f (webtiles) character file.

0 Psiloshibe the Slasher (level 3, -1/49 HPs)
             Began as a Barachi Berserker on June 10, 2018.
             Was a Follower of Trog.
             Slain by an adder (3 damage)
             ... in the Dungeon (Sprint VI: "Thunderdome").
             The game lasted 00:01:00 (77 turns).

Psiloshibe the Slasher (Barachi Berserker)            Turns: 77, Time: 00:01:00

Health: -1/49      AC:  2    Str: 32    XL:     3   Next: 8%
Magic:  3/3        EV: 13    Int: 11    God:    Trog [*.....]
Gold:   65         SH:  0    Dex: 15    Spells: 2/2 levels left

rFire    + + .     SeeInvis .   a - +0 falchion
rCold    + . .     Gourm    .   (no shield)
rNeg     . . .     Faith    +   b - +0 animal skin
rPois    .         Spirit   .   (no helmet)
rElec    +         Reflect  .   (no cloak)
rCorr    .         Harm     .   (no gloves)
MR       ++...     NoTele   +   (no boots)
Stlth    ..........             p - amulet "Oqair" {Faith rElec rC+ MR+ Dex+4}
HPRegen  0.16/turn              q - ring "Muuhynea" {Str+3 Int+4}
MPRegen  0.08/turn              r - ring "Hiat" {rF++ MR+ Str+5 Stlth-}

@: berserking (expiring), lethally poisoned (-1 -> -3), quick
A: +LOS, swims, slowness 1, strong legs 1
a: Hop, Berserk, Burn Spellbooks, Renounce Religion


You were in the Dungeon.
You worshipped Trog.
Trog was aware of your devotion.
You were not hungry.

You visited 1 branch You collected 200 gold pieces.
You spent 135 gold pieces at shops.

Inventory:

Hand Weapons
 a - a +0 falchion (weapon)
Armour
 b - a +0 animal skin (worn)
 n - a +0 chain mail
Jewellery
 p - the amulet "Oqair" (around neck) {Faith rElec rC+ MR+ Dex+4}
   (You bought it in a shop in the Dungeon)

   [amulet of faith]

   It allows you to gain divine favour quickly.
   It affects your dexterity (+4).
   It protects you from cold.
   It insulates you from electricity.
   It affects your resistance to hostile enchantments.
 q - the ring "Muuhynea" (left hand) {Str+3 Int+4}
   (You bought it in a shop in the Dungeon)

   [ring of intelligence]

   It affects your strength (+3).
   It affects your intelligence (+4).
 r - the ring "Hiat" (right hand) {rF++ MR+ Str+5 Stlth-}
   (You bought it in a shop in the Dungeon)

   [ring of protection from magic]

   It affects your strength (+5).
   It greatly protects you from fire.
   It affects your resistance to hostile enchantments.
   It makes you less stealthy.
Wands
 k - a wand of acid (5)
 l - a wand of iceblast (5)
Scrolls
 i - 4 scrolls of blinking
 m - 3 scrolls of fog
Potions
 d - a potion of curing
 e - 4 potions of heal wounds
 f - 4 potions of haste
 g - 2 potions of magic
 h - a potion of berserk rage
 j - a potion of resistance
Comestibles
 c - a ration
 o - a chunk of flesh


   Skills:
 + Level 5.6 Fighting
 + Level 5.7 Long Blades
 + Level 3.2 Armour
 + Level 3.1 Dodging


You had 2 spell levels left.
You didn't know any spells.

Dungeon Overview and Level Annotations

Branches:
Dungeon (1/1)

Altars:
Cheibriados
Dithmenos
Fedhas
Gozag
Kikubaaqudgha
Makhleb
Okawaru
Qazlal
Ru
Sif Muna
Trog
Uskayaw
Vehumet
Wu Jian
Xom
Yredelemnul
Zin
The Shining One
Beogh
Jiyva
Lugonu

Shops:
D *[%??*?*:[((!!!!

Annotations:
D Sigmund


Innate Abilities, Weirdness & Mutations

Shadows flee at your approach. (+LOS)
You can swim through water.
You cover ground slowly.
You can hop short distances.


Message History

Sigmund points at you and mumbles some strange words.
The puff of flame misses you. The adder bites you.
You are poisoned.
The adder poisons you!
You feel sick. The adder barely misses you.
Sigmund mumbles some strange words.
Sigmund flickers and vanishes!
Deactivating autopickup; reactivate with Ctrl-A.
You closely miss something. The adder barely misses you.
You hit something.
You feel sick. Something hits you! The adder barely misses you.
You closely miss something. The adder misses you.
You slice something!! Something hits you.
* * * LOW HITPOINT WARNING * * *
The adder barely misses you.
You hit something. The adder barely misses you.
You closely miss something.
You feel sick. Something hits you!
* * * LOW HITPOINT WARNING * * *
You closely miss something. The adder bites you.
You die...

###∩........8.# #.8........∩###
##.............###.............#
#⌠......)...###...###..........⌠
#⌠..........# #.<.# #..........⌠
#⌠..........###...###..........⌠
##.............###.............#
###∩........8.# #.8........∩###
##∩__.......###......___∩##
######.8...{@....8.######
#⌠......S....⌠# ###.........###
#........_# #_......._#
#_......._# #∩.......∩#
##∩.....∩## ##.....##


You could see an adder.

Vanquished Creatures
  Terence (D)
1 creature vanquished.

Notes
Turn   | Place    | Note
-------+----------+-------------------------------------------
     0 | D        | Psiloshibe the Barachi Berserker began the quest for the Orb.
     0 | D        | Reached XP level 1. HP: 18/18 MP: 1/1
     0 | D        | Found a basalt altar of Yredelemnul.
     3 | D        | Found a corrupted altar of Lugonu.
     4 | D        | Found a stormy altar of Qazlal.
     4 | D        | Found a bloodstained altar of Trog.
     4 | D        | Found a burning altar of Makhleb.
     5 | D        | Found a roughly hewn altar of Beogh.
     5 | D        | Found a shimmering altar of Xom.
     5 | D        | Round 1.
     6 | D        | Found Suw Ciucy's Delicious Food.
     6 | D        | Found an ornate altar of the Wu Jian Council.
     6 | D        | Found Cihui's Identification Station.
     6 | D        | Found a blossoming altar of Fedhas.
     7 | D        | Found Saim's Jewellery.
     7 | D        | Found Manah's Advanced Armour.
     7 | D        | Found a glowing silver altar of Zin.
     7 | D        | Found an iron altar of Okawaru.
     7 | D        | Noticed Terence
    18 | D        | Killed Terence
    18 | D        | Reached skill level 5 in Fighting
    18 | D        | Reached skill level 5 in Long Blades
    18 | D        | Reached XP level 2. HP: 27/27 MP: 2/2
    18 | D        | Reached XP level 3. HP: 33/33 MP: 3/3
    29 | D        | Bought a wavering silver amulet for 45 gold pieces
    29 | D        | Bought a bound lapis lazuli ring for 45 gold pieces
    29 | D        | Bought a transparent copper ring for 45 gold pieces
    29 | D        | Identified the amulet "Oqair" {Faith rElec rC+ MR+ Dex+4} (You bought it in a shop in the Dungeon)
    30 | D        | Identified the ring "Muuhynea" {Str+3 Int+4} (You bought it in a shop in the Dungeon)
    31 | D        | Identified the ring "Hiat" {rF++ MR+ Str+5 Stlth-} (You bought it in a shop in the Dungeon)
    38 | D        | Found Moakucuu's Magic Scroll Shop.
    39 | D        | Found Yjiyprin's Staff Store.
    40 | D        | Found Hutorul's Magic Scroll Shop.
    40 | D        | Found Uxtigedo's Must-Have Magic.
    45 | D        | Found a shadowy altar of Dithmenos.
    46 | D        | Found an ancient bone altar of Kikubaaqudgha.
    47 | D        | Found a hide-covered altar of Uskayaw.
    48 | D        | Found Uramisue's Distillery.
    48 | D        | Found a radiant altar of Vehumet.
    48 | D        | Found a viscous altar of Jiyva.
    48 | D        | Found a deep blue altar of Sif Muna.
    48 | D        | Found Piyr's Do-It-Yourself Clinic.
    49 | D        | Found Garrunuw's Distillery.
    49 | D        | Found Fuwidot's Bottled Wisdom.
    54 | D        | Found a glowing golden altar of the Shining One.
    55 | D        | Found a sacrificial altar of Ru.
    55 | D        | Found an opulent altar of Gozag.
    55 | D        | Found a snail-covered altar of Cheibriados.
    57 | D        | Found Yzijiof's Weapon Rack.
    57 | D        | Found Lewuebecw's Premium Goods.
    58 | D        | Noticed Sigmund
    58 | D        | Found Raogenk's Basic Armour.
    58 | D        | Found Erixt's Miscellaneous Merchandise.
    76 | D        | HP: 2/49 [something (11)]
    77 | D        | Slain by an adder

Skill      XL: |  1 |
---------------+----+-----
Fighting       | 5 |  5.6
Long Blades    | 5 |  5.7
Armour         | 3 |  3.2
Dodging        | 3 |  3.1

Action                   || total
-------------------------++-------
Melee: Falchion          ||    14
Invok: Berserk           ||     2
Armor: Animal skin       ||     1
Dodge: Dodged            ||     9
       Rpst.: Falchion   ||     1
